 Dungeon Crawl Stone Soup version 0.19.1-1-g22dce08 (console) character file.

2311 Kloppie the Blocker (level 9, -12/62 HPs)
             Began as a Formicid Fighter on Jan 6, 2017.
             Was an Initiate of Hepliaklqana.
             Killed by divine providence
             ... invoked by an orc priest
              (14 damage)
             ... on level 6 of the Dungeon.
             The game lasted 00:11:22 (5912 turns).

Kloppie the Blocker (Formicid Fighter)              Turns: 5912, Time: 00:11:22

Health: -12/62     AC: 15    Str: 21    XL:     9   Next: 68%
Magic:  9/9        EV:  7    Int:  8    God:    Hepliaklqana [......]
Gold:   189        SH: 12    Dex: 15    Spells: 0 memorised, 8 levels left

rFire  . . .     SeeInvis +     a - +1 long sword
rCold  . . .     Gourm    .     e - +4 chain mail
rNeg   . . .     Faith    .     c - +0 shield
rPois  .         Spirit   .     (helmet unavailable)
rElec  .         Reflect  .     y - +0 cloak
rCorr  .         Harm     .     (no gloves)
MR     .....                    v - +0 pair of boots
Stlth  ..........               (no amulet)
                                (no ring)
                                l - +2 ring of dexterity

@: no status effects
A: permanent stasis, dig shafts and tunnels, four strong arms, reduced essence,
antennae 3
a: Dig, Shaft Self, Recall Ancestor, Ancestor Identity, Renounce Religion


You were on level 6 of the Dungeon.
You worshipped Hepliaklqana.
Hepliaklqana was noncommittal.
You were hungry.

You visited 1 branch of the dungeon, and saw 6 of its levels.

You collected 189 gold pieces.

Inventory:

Hand Weapons
 a - a +1 long sword (weapon)
Armour
 c - a +0 shield (worn)
 e - a +4 chain mail (worn)
 v - a +0 pair of boots (worn)
 y - a +0 cloak (worn)
Jewellery
 l - a +2 ring of dexterity (left hand)
Wands
 d - a wand of digging (1/24)
 h - a wand of slowing (21/48)
 o - a wand of lightning (0/15)
 u - a wand of lightning (1/15)
 w - a wand of iceblast (6/15)
Scrolls
 b - 2 scrolls of magic mapping
 g - a scroll of immolation
 i - a scroll of remove curse
 k - 3 scrolls of fog
 p - a scroll of enchant weapon
 q - 2 scrolls of enchant armour
 t - 2 scrolls of random uselessness
 x - a scroll of amnesia {unknown}
Comestibles
 f - 7 bread rations
 n - 2 meat rations
 r - a slice of pizza
 s - 2 beef jerkies


   Skills:
 + Level 6.0 Fighting
 + Level 9.0 Long Blades
 - Level 3.2 Armour
 - Level 9.5 Shields


You had 8 spell levels left.
You didn't know any spells.

Dungeon Overview and Level Annotations

Branches:
Dungeon (6/15)             Temple (0/1) D:5

Altars:
Ashenzari
Dithmenos
Hepliaklqana
Vehumet
The Shining One

Shops:
D:6 (


Innate Abilities, Weirdness & Mutations

You are under a permanent stasis effect.
You can dig through walls and to a lower floor.
Your four strong arms can wield two-handed weapons with a shield.
You have a pair of large antennae on your head. (SInv)
Your life essence is reduced. (-10% HP)


Message History

The orc priest is moderately wounded.
You block the orc wizard's attack.
The orc priest invokes the aid of Beogh against you.
Pain shoots through your body!
* * * LOW HITPOINT WARNING * * *
The orc wizard casts a spell at you. The puff of frost hits you!
* * * LOW HITPOINT WARNING * * *
Your chain mail prevents you from hitting the orc priest.
The orc priest is moderately wounded.
The orc priest hits you but does no damage.
The orc wizard barely misses you.
You riposte.
You closely miss the orc wizard.
The orc wizard is severely wounded.
You hit the orc priest.
The orc priest is moderately wounded.
The orc wizard hits you with a dagger.
* * * LOW HITPOINT WARNING * * *
The orc priest mumbles some strange prayers to Beogh against you.
Beogh smites you!
You die...

#.#######.........
#.# ##...#...# #.#
######### #.# #.#
{ #.# #.# #.###
#@8.#.#.#
#oo......
#F.......
##8.#.#.# #⌠#.# #
## #


You could see a bullfrog, an orc priest and an orc wizard.

Vanquished Creatures
  Grinder (D:6)
  Sigmund (D:3)
  The ghost of fatfloppyjuicyveiny the Chopper, an amateur FoFi (D:4)
  Menkaure (D:5)
  Edmund (D:5)
  3 orc warriors
  2 ogres (D:5)
  2 centaurs
  A scorpion (D:4)
  A howler monkey (D:4)
  4 orc priests
  4 orc wizards
  A bullfrog skeleton (D:5)
  Crazy Yiuf (D:3)
  Natasha (D:3)
  2 worker ants (D:4)
  7 gnolls
  2 howler monkey skeletons (D:4)
  5 adders
  A shadow imp (D:5)
  5 oozes
  2 dart slugs
  4 worms
  14 orcs
  A giant cockroach (D:1)
  6 goblins
  7 hobgoblins
  11 jackals
  2 quokkas
  5 bats
  5 frilled lizards
  10 kobolds
  A quokka skeleton (D:6)
  5 rats
120 creatures vanquished.

Vanquished Creatures (collateral kills)
  An ice beast (D:5)
  An ogre (D:5)
  A bullfrog (D:6)
  A jelly (D:6)
  A leopard gecko (D:5)
  5 orcs
  A jackal (D:6)
11 creatures vanquished.

Vanquished Creatures (others)
  2 ancestors (D:6)
  A goblin (D:1)
3 creatures vanquished.

Grand Total: 134 creatures vanquished

Notes
Turn   | Place    | Note
-------+----------+-------------------------------------------
     0 | D:1      | Kloppie the Formicid Fighter began the quest for the Orb.
     0 | D:1      | Reached XP level 1. HP: 18/18 MP: 1/1
   248 | D:1      | Reached XP level 2. HP: 24/24 MP: 2/2
   479 | D:1      | Reached XP level 3. HP: 26/29 MP: 3/3
  1233 | D:2      | Reached XP level 4. HP: 17/35 MP: 4/4
  1753 | D:3      | Reached skill level 5 in Shields
  1876 | D:3      | Found a shattered altar of Ashenzari.
  1888 | D:3      | Noticed Natasha
  1899 | D:3      | Reached XP level 5. HP: 35/41 MP: 5/5
  1904 | D:3      | Killed Natasha
  2384 | D:3      | Noticed Sigmund
  2402 | D:3      | Killed Sigmund
  2402 | D:3      | Reached XP level 6. HP: 32/47 MP: 6/6
  2505 | D:3      | Found a runed door.
  2509 | D:3      | Noticed Crazy Yiuf
  2513 | D:3      | Killed Crazy Yiuf
  2513 | D:3      | Reached skill level 5 in Long Blades
  2885 | D:3      | Reached XP level 7. HP: 37/52 MP: 7/7
  3554 | D:4      | Found a hazy altar of Hepliaklqana.
  3557 | D:4      | Noticed fatfloppyjuicyveiny's ghost (amateur FoFi)
  3578 | D:4      | Killed fatfloppyjuicyveiny's ghost
  3739 | D:4      | Found a radiant altar of Vehumet.
  3880 | D:4      | Reached XP level 8. HP: 56/58 MP: 8/8
  4320 | D:4      | Became a worshipper of Hepliaklqana the Forgotten
  4336 | D:5      | Entered Level 5 of the Dungeon
  4347 | D:5      | Found a staircase to the Ecumenical Temple.
  4608 | D:5      | Noticed Menkaure
  4635 | D:5      | Killed Menkaure
  4801 | D:5      | Reached XP level 9. HP: 40/57 MP: 9/9
  4994 | D:5      | Found a shadowy altar of Dithmenos.
  5051 | D:5      | Noticed Edmund
  5066 | D:5      | Killed Edmund
  5443 | D:6      | Found a glowing golden altar of the Shining One.
  5488 | D:6      | Found Ygur's Weapon Shop.
  5499 | D:6      | Noticed Grinder
  5508 | D:6      | Reached skill level 5 in Fighting
  5570 | D:6      | HP: 3/61 [Grinder/nerve-wracking pain (9)]
  5577 | D:6      | Killed Grinder
  5910 | D:6      | HP: 3/62 [orc wizard/puff of frost (2)]
  5912 | D:6      | Killed from afar by an orc priest

Skill      XL: |  1  2  3  4  5  6  7  8  9 |
---------------+----------------------------+-----
Shields        | 4 5 6 7 9 |  9.5
Long Blades    | 3 4 5 6 7 9 |  9.0
Fighting       | 6 |  6.0
Armour         | |  3.2

Action                   |  1- 3 |  4- 6 |  7- 9 || total
-------------------------+-------+-------+-------++-------
Melee: Long sword        |   107 |   125 |   309 ||   541
 Abil: Dig               |       |       |     1 ||     1
Evoke: Wand              |       |       |     9 ||     9
  Use: Potion            |       |     7 |     8 ||    15
       Scroll            |       |       |    11 ||    11
 Stab: Distracted        |       |       |     3 ||     3
  Eat: Chunk             |     1 |     6 |     4 ||    11
       Meat ration       |       |       |     1 ||     1
Armor: Scale mail        |    50 |    33 |    34 ||   117
       Chain mail        |       |       |    67 ||    67
Dodge: Dodged            |    41 |    40 |    78 ||   159
Block: Shield            |    60 |    68 |   150 ||   278
       Rpst.: Long sword |    14 |    15 |    17 ||    46
